Map: Kairos Junction LE

Players

HolyHit

  • Race: Protoss Protoss
  • Spawn Location: 5:00

GunGFuBanDa - Winner!

  • Race: Protoss Protoss
  • Spawn Location: 11:00

Event: 2019 WCS Summer

VOD

Have the link to the VOD?

Description

Time

  • Played on: July 12, 2019, 6:16 a.m.
  • Length: 11:38

All games in this series

Show
View Real Time Build Order
Export as new Build Order

HolyHit Protoss 

Build Orders: Oracle Opening, Archon Immortal 

Get SALT Encoding   

  12  0:00  Probe  
  13  0:12  Probe  
  14  0:17  Pylon  
  14  0:24  Probe  
  15  0:32  Probe  
  15  0:37  Gateway  
  15  0:40  Probe  
  16  0:46  Assimilator  
  17  0:51  Probe  
  17  0:55  Assimilator  
  18  1:00  Probe  
  19  1:08  Probe  
  19  1:09  Gateway  
  19  1:17  Probe  
  20  1:24  Cybernetics Core  
  21  1:29  Probe  
  22  1:35  Pylon  
  22  1:41  Probe  
  23  1:53  Probe  
  24  2:01  Stalker x2  
  24  2:02  Warp Gate  
  28  2:11  Pylon  
  28  2:27  Pylon  
  28  2:31  Adept x2  
  28  2:35  Stargate  
  32  3:04  Nexus  
  32  3:08  Probe, Oracle  
  36  3:23  Probe  
  36  3:31  Probe  
  36  3:32  Pylon  
  35  3:46  Probe  
  36  3:52  Oracle  
  36  3:54  Shield Battery  
  39  3:58  Probe  
  40  4:06  Robotics Facility  
  40  4:09  Adept  
  42  4:10  Probe  
  43  4:20  Probe  
  43  4:22  Probe  
  45  4:28  Probe  
  45  4:30  Probe  
  45  4:31  Forge  
  45  4:37  Probe  
  45  4:38  Phoenix  
  49  4:44  Sentry  
  49  4:45  Probe  
  53  4:53  Probe  
  53  4:57  Probe  
  53  5:05  Probe  
  51  5:09  Probe  
  51  5:10  Phoenix  
  54  5:14  Assimilator  
  54  5:16  Assimilator  
  54  5:17  Probe  
  54  5:20  Protoss Ground Weapons Level 1  
  56  5:21  Observer, Probe  
  56  5:27  Gateway  
  57  5:30  Shield Battery  
  55  5:36  Stalker  
  55  5:40  Shield Battery  
  57  5:45  Warp Prism  
  57  5:47  Zealot  
  57  5:49  Probe  
  62  5:53  Pylon  
  62  5:59  Pylon  
  62  6:11  Probe, Phoenix  
  65  6:13  Stalker x2  
  67  6:22  Probe  
  63  6:28  Stalker  
  64  6:32  Probe  
  64  6:34  Immortal  
  64  6:36  Probe  
  62  6:45  Probe  
  67  6:48  Probe  
  68  6:57  Probe  
  68  6:59  Twilight Council  
  68  7:00  Probe  
  70  7:03  Gateway  
  70  7:06  Immortal  
  70  7:10  Pylon  
  70  7:20  Nexus  
  74  7:36  Gateway  
  74  7:37  Templar Archives  
  74  7:38  Protoss Ground Weapons Level 2  
  74  7:41  Gateway  
  74  7:47  Photon Cannon  
  74  7:55  Immortal  
  74  7:56  Probe x2  
  80  8:04  Pylon  
  80  8:07  Pylon  
  80  8:11  Charge  
  80  8:12  Pylon  
  80  8:14  Zealot  
  82  8:25  Zealot  
  82  8:26  Zealot x2  
  88  8:28  Pylon  
  88  8:34  Gateway  
  88  8:35  High Templar x2  
  88  8:39  Archon  
  92  8:43  Immortal  
  92  8:46  Probe  
  97  8:51  Zealot  
  99  9:04  Zealot, Phoenix  
  99  9:05  Zealot x2  
  94  9:20  Stalker  
  94  9:21  High Templar x2  
  100  9:28  Zealot x4, Archon  
  104  9:50  Zealot x4  
  104  9:51  Zealot  
  110  10:05  Zealot x2  
  96  10:14  Zealot x4, Warp Prism  
  80  10:30  High Templar x3  
  80  10:34  High Templar  
  80  10:35  High Templar x2  
  90  10:40  Archon x3  
  90  10:41  Zealot  
  87  11:02  Zealot x2  
  85  11:09  Zealot x4  
  85  11:12  Zealot  
  77  11:25  Zealot x2  
  75  11:30  Zealot x4  
Show
View Real Time Build Order
Export as new Build Order

GunGFuBanDa Protoss - Winner!

Build Orders: Zealot Archon 

Get SALT Encoding   

  12  0:00  Probe  
  13  0:12  Probe  
  14  0:16  Pylon  
  14  0:23  Probe  
  15  0:32  Probe  
  15  0:37  Gateway  
  15  0:40  Probe  
  16  0:47  Assimilator  
  17  0:50  Probe  
  17  0:56  Assimilator  
  18  0:59  Probe  
  19  1:08  Probe, Gateway  
  20  1:19  Probe  
  21  1:25  Cybernetics Core  
  21  1:31  Probe  
  22  1:36  Pylon  
  22  1:43  Probe  
  23  1:55  Probe  
  24  2:02  Stalker, Sentry  
  24  2:07  Warp Gate  
  28  2:08  Probe  
  29  2:17  Pylon  
  29  2:20  Probe  
  30  2:35  Stalker x2  
  34  2:47  Probe  
  34  3:03  Nexus  
  34  3:10  Robotics Facility  
  34  3:18  Probe  
  35  3:23  Shield Battery  
  35  3:30  Probe  
  36  3:35  Shield Battery  
  34  3:41  Probe  
  33  3:49  Probe  
  32  3:56  Stalker, Sentry  
  32  3:58  Probe  
  37  4:05  Immortal  
  37  4:10  Probe  
  37  4:11  Pylon  
  41  4:21  Stalker  
  41  4:22  Probe  
  44  4:25  Stalker  
  44  4:27  Probe  
  47  4:34  Probe  
  48  4:39  Observer, Probe  
  48  4:44  Sentry  
  52  4:46  Probe  
  52  4:48  Stalker  
  52  4:51  Probe  
  56  4:55  Shield Battery  
  56  4:58  Probe  
  56  5:03  Probe  
  56  5:04  Warp Prism  
  56  5:10  Probe  
  56  5:15  Sentry x2, Probe  
  56  5:17  Pylon  
  61  5:22  Forge  
  61  5:23  Probe  
  62  5:31  Probe  
  62  5:35  Assimilator, Probe  
  62  5:37  Assimilator  
  62  5:39  Adept  
  62  5:40  Probe  
  62  5:41  Adept  
  68  5:44  Probe  
  70  5:54  Twilight Council  
  70  6:03  Pylon  
  70  6:08  Protoss Ground Weapons Level 1  
  70  6:10  Pylon  
  70  6:17  Probe x2  
  70  6:21  Stalker x2  
  70  6:24  Charge, Immortal  
  68  6:29  Probe x2  
  62  6:41  Probe x2  
  60  6:48  Gateway  
  60  6:50  Gateway  
  59  6:55  Templar Archives  
  59  7:01  Gateway  
  58  7:03  Warp Prism  
  58  7:05  Gateway  
  58  7:07  Pylon  
  60  7:11  Sentry  
  60  7:12  Zealot  
  64  7:16  Gateway  
  64  7:20  Gateway  
  64  7:46  Zealot x2, High Templar x2, Protoss Ground Weapons Level 2  
  64  7:49  Nexus  
  64  7:51  Pylon  
  72  7:52  Archon  
  72  7:58  Pylon  
  72  8:11  Zealot x2, High Templar x2  
  72  8:12  Zealot  
  82  8:15  Archon  
  82  8:18  Zealot x2, Pylon  
  86  8:36  Zealot x2, High Templar x2  
  86  8:41  Archon  
  94  8:43  Zealot x4  
  94  8:46  Pylon  
  94  8:47  Probe  
  103  8:48  Probe  
  104  8:58  Pylon  
  104  9:12  Zealot x3  
  104  9:13  Zealot  
  108  9:23  Probe  
  108  9:24  Probe  
  110  9:25  Zealot x3  
  110  9:28  Probe  
  115  9:35  Probe  
  116  9:47  Zealot x2, High Templar x4  
  116  9:48  Zealot x2  
  116  9:52  Archon x2  
  132  9:55  Pylon  
  132  9:57  Pylon  
  107  10:09  Zealot x3  
  107  10:10  Zealot  
  103  10:15  Observer  
  96  10:23  Zealot x2, High Templar x2  
  96  10:27  Archon  
  100  10:30  Zealot x4  
  108  10:51  High Templar x3  
  108  10:52  Zealot x2  
  108  10:53  Zealot  
  108  10:56  Archon  
  108  11:04  High Templar  
  108  11:05  Zealot  
  108  11:09  Archon  
  100  11:16  Zealot x3  
  86  11:30  Zealot x4  
Tags
 
Add a new tag
Caveats
  • Supply blocks, unpowered buildings, or Contaminate may cause inaccurate times.
  • Supply counts are checked every 10 seconds.